 Dungeon Crawl Stone Soup version 0.30.1-3-gfc49f6343a (webtiles) character file.

Game seed: 2100582466727056999

1204 monsoonserge the Ruffian (level 8, -1/79 HPs)
             Began as a Troll Fighter on Aug 8, 2023.
             Slain by an unseen horror (6 damage)
             ... on level 7 of the Dungeon.
             The game lasted 00:14:58 (5422 turns).

monsoonserge the Ruffian (Troll Fighter)            Turns: 5422, Time: 00:14:59

Health: -1/79      AC:  5    Str: 33    XL:     8   Next: 21%
Magic:  7/7        EV:  9    Int:  6    God:
Gold:   48         SH:  9    Dex: 15    Spells: 7/7 levels left

rFire   . .          .
                       - Unarmed
rCold   . . .        b - +0 kite shield
rNeg    . . .        a - +0 robe
rPois   .            (helmet restricted)
rElec   .            q - +0 cloak
rCorr   .            (gloves unavailable)
SInv    .            (boots unavailable)
Will    .....        y - amulet "Boong" {RegenMP Str+2 Stlth+}
Stlth   ++           g - +6 ring of strength
HPRegen 1.13/turn    h - +6 ring of dexterity
MPRegen 0.50/turn

%: no passive effects
@: mighty
A: large, unfitting armour, claws 3, regeneration 1, shaggy fur 1, tough skin 1
a: no special abilities


You were on level 7 of the Dungeon.
You visited 2 branches of the dungeon, and saw 8 of its levels.

You collected 274 gold pieces.
You spent 226 gold pieces at shops.

Inventory:

Missiles
 n - a throwing net
 r - 5 large rocks (quivered)
 z - 3 boomerangs
Armour
 a - a +0 robe (worn)
 b - a +0 kite shield (worn)
 q - a +0 cloak (worn)
Jewellery
 g - a +6 ring of strength (left claw)
 h - a +6 ring of dexterity (right claw)
 y - the amulet "Boong" (around neck) {RegenMP Str+2 Stlth+}
   (You found it on level 3 of the Dungeon)

   [amulet of magic regeneration]

   It increases your rate of magic regeneration.
   Str:       It affects your strength (+2).
   Stlth:     It makes you more stealthy.
Wands
 s - a wand of flame (21)
 w - a wand of roots (2)
Scrolls
 e - 3 scrolls of fear
 f - 4 scrolls of poison {unknown}
 j - 5 scrolls of identify {unknown}
 k - 4 scrolls of teleportation
 t - 2 scrolls of amnesia {unknown}
 u - a scroll of vulnerability {unknown}
 x - 3 scrolls of fog {unknown}
Potions
 c - a potion of might
 d - 2 potions of invisibility {unknown}
 i - 2 potions of curing {unknown}
 l - 2 potions of mutation {unknown}
 m - 4 potions of flight {unknown}
 o - a potion of degeneration {unknown}
 p - 3 potions of brilliance {unknown}
 v - a potion of ambrosia {unknown}
 A - a potion of lignification {unknown}


   Skills:
 + Level 4.7 Fighting
 - Level 2.4 Dodging
 + Level 5.1 Shields
 * Level 7.2 Unarmed Combat


You had 7 spell levels left.
You didn't know any spells.
Your spell library contained the following spells:

 Spells                   Type           Power      Damage    Failure   Level
 Magic Dart               Conj           0%         1d3       65%         1
 Slow                     Hex            0%         N/A       65%         1
 Call Imp                 Summ           0%         N/A       78%         2
 Confusing Touch          Hex            0%         N/A       95%         3
 Mephitic Cloud           Conj/Pois/Air  0%         N/A       95%         3
 Vampiric Draining        Necr           0%         2d6       95%         3


Dungeon Overview and Level Annotations

Branches:
Dungeon (7/15)             Temple (1/1) D:7

Altars:
Ashenzari
Cheibriados
Dithmenos
Hepliaklqana
Kikubaaqudgha
Makhleb
Okawaru
Qazlal
Sif Muna
Trog
The Shining One

Shops:
D:1 ![   D:2 *![   D:4 ?

Annotations:
D:7 2 transporters


Innate Abilities, Weirdness & Mutations

You are too large for most types of armour.
You have claws for hands.
Your natural rate of healing is unusually fast.
You are covered in fur. (AC +1)
You have tough skin. (AC +1)


Message History

Something hits you.
You claw something!
Something hits you but does no damage. x2
Something hits you.
There is a transporter here.
You block something's attack.
There is a transporter here.
Something hits you but does no damage.
You scratch something. Something hits you but does no damage.
Something hits you!
There is a transporter, spattered with blood here.
Something hits you. Something hits you but does no damage.
You block something's attack. Something completely misses you.
Something hits you. Something hits you. Something hits you.
Something hits you. x2
A scorpion comes into view.
Found a stone staircase leading down.
Something hits you.
Something hits you! x2; Something hits you.
* * * LOW HITPOINT WARNING * * *
You miss something. Something hits you but does no damage.
Something hits you but does no damage.
You barely miss something. Something hits you but does no damage.
You closely miss something. Something hits you!
* * * LOW HITPOINT WARNING * * *
Something hits you.
* * * LOW HITPOINT WARNING * * *
You mangle something!! Something hits you!
* * * LOW HITPOINT WARNING * * *
Okay, then.
You feel very mighty all of a sudden. Something hits you.
* * * LOW HITPOINT WARNING * * *
The scorpion closely misses you.
You mangle the scorpion!!
You kill the scorpion!
Something hits you.
* * * LOW HITPOINT WARNING * * *
Something hits you.
You die...

#...... .## ## #......
.>.. ##.. #......
....# ....... ##.....(
..... #...#...##......
......
................
....###...##.###......
#...................
#@##.#############
#.##.#8P#~~~~~~~#P
#.#..#..#..~~~~~#.
#...©#©/+..~⌠~~~+(
###..#..#..PP~PP#.
##.#8P#SSS~~~~#P
#.#############
####....(.........
..........########.#


There were no monsters in sight!

Vanquished Creatures
  Eustachio (D:6)
  Menkaure (D:5)
  An ice beast (D:6)
  2 ogres (D:5)
  A phantom (D:7)
  A bullfrog (D:7)
  A gnoll sergeant (D:6)
  2 scorpions
  3 hounds
  A sleepcap (D:6)
  An iguana (D:4)
  An orc wizard (D:4)
  A mummy (D:4)
  7 gnolls
  5 adders
  2 white imps (D:6)
  2 worms
  23 orcs
  7 ball pythons
  4 endoplasms
  A giant cockroach (D:1)
  4 hobgoblins
  2 jackals (D:3)
  8 kobolds
  2 quokkas
  4 bats
  4 frilled lizards
  12 goblins
  5 rats (D:2)
109 creatures vanquished.

Notes
Turn   | Place    | Note
-------+----------+-------------------------------------------
     0 | D:1      | monsoonserge the Troll Fighter began the quest for the Orb.
     0 | D:1      | Reached XP level 1. HP: 22/22 MP: 0/0
   181 | D:1      | Found Ithromiof's Antique Armour Shoppe.
   215 | D:1      | Reached XP level 2. HP: 28/29 MP: 1/1
   407 | D:1      | Found Talotavvi's Distillery.
   791 | D:2      | Found Reoch's Armour Boutique.
   873 | D:2      | Found Puvuj's Distillery.
   915 | D:2      | Found Bachiorr's General Store.
  1077 | D:2      | Reached XP level 3. HP: 32/36 MP: 2/2
  1078 | D:2      | Reached skill level 3 in Unarmed Combat
  1476 | D:3      | You fall into a shaft and drop 3 floors!
  1509 | D:5      | Entered Level 5 of the Dungeon
  1644 | D:5      | Reached XP level 4. HP: 45/45 MP: 3/3
  1903 | D:4      | Found Kassiaz's Magic Scroll Boutique.
  1944 | D:4      | Found an iron altar of Okawaru.
  1952 | D:4      | Reached XP level 5. HP: 50/53 MP: 4/4
  1956 | D:4      | Reached skill level 4 in Unarmed Combat
  2001 | D:4      | Found a snail-covered altar of Cheibriados.
  2527 | D:3      | Found a faded altar of an unknown god.
  2628 | D:1      | Bought a sheer robe for 142 gold pieces
  2628 | D:1      | Identified the +0 robe "Runaq" {Harm rC- Int+5 Archmagi}
                  | (You bought it in a shop on level 1 of the Dungeon)
  3068 | D:3      | Identified the amulet "Boong" {RegenMP Str+2 Stlth+}
  3438 | D:4      | Reached XP level 6. HP: 61/61 MP: 5/5
  3874 | D:5      | Noticed Menkaure
  3885 | D:5      | Killed Menkaure
  3886 | D:5      | Reached skill level 5 in Unarmed Combat
  3990 | D:5      | Reached XP level 7. HP: 70/70 MP: 6/6
  4506 | D:4      | Bought a scroll of teleportation for 36 gold pieces
  4549 | D:2      | Bought a scroll of fear for 48 gold pieces
  4649 | D:6      | Noticed Eustachio
  4665 | D:6      | Reached skill level 6 in Unarmed Combat
  4675 | D:6      | Killed Eustachio
  4785 | D:6      | Found a glowing golden altar of the Shining One.
  5117 | D:6      | Found an ancient bone altar of Kikubaaqudgha.
  5126 | D:6      | Reached skill level 5 in Shields
  5126 | D:6      | Reached XP level 8. HP: 42/79 MP: 7/7
  5232 | D:7      | Reached skill level 7 in Unarmed Combat
  5305 | D:7      | Found a staircase to the Ecumenical Temple.
  5314 | Temple   | Entered the Ecumenical Temple
  5373 | D:7      | Found a transporter.
  5379 | D:7      | Found a transporter.
  5422 | D:7      | Slain by an unseen horror

Illustrated notes

Levels and vault maps discovered:
D:1:      minmay_arrival_four_houses, layout_basic, serial_shops,
          nicolae_shop_tiny_statue_garden, nicolae_shop_industrial_runoff,
          kennysheep_doodads
D:2:      layout_basic, serial_shops, nicolae_shop_hallway_stairs, shop,
          nicolae_square_shop
D:3:      layout_loops_corners, ebering_ecumenical_altar_webs,
          kennysheep_generic_room_10
D:4:      layout_basic, kennysheep_okawaru_gauntlet, slow_altar_2, serial_shops,
          nicolae_shop_crystal, serial_bayou, serial_bayou_crossing,
          serial_bayou_shore_a, serial_bayou_pond_e, serial_bayou_lake_a,
          chequers_serial_rivers_large_a, amcnicky_mini_pool_small, minivault_19
D:5:      layout_loops_corners, uniq_menkaure
D:6:      layout_gridville, mainiacjoe_overflow_surrounded_room,
          old_standard_altar, uniq_eustachio
D:7:      gammafunk_steamed_eel, layout_loops_corners, grunt_gozag_statues,
          zin_purify, minmay_temple_entry_mist, kennysheep_flooded_box,
          kennysheep_another_room, hangedman_abyss_or_decor_stabs
Temple:   hellmonk_temple_of_storms

Skill      XL: |  1  2  3  4  5  6  7  8 |
---------------+-------------------------+-----
Shields        | 3 4 5 |  5.1
Unarmed Combat | 3 4 5 6 7 |  7.2
Fighting       | 3 4 |  4.7
Dodging        | |  2.4

Action                     |  1- 3 |  4- 6 |  7- 9 || total
---------------------------+-------+-------+-------++-------
  Melee: Unarmed           |   112 |   125 |    55 ||   292
         Halberd           |       |     2 |       ||     2
  Throw: Large rock        |       |       |     1 ||     1
    Use: Potion            |       |       |     1 ||     1
   Stab: Sleeping          |     1 |       |     3 ||     4
 Armour: Robe              |    27 |    28 |    12 ||    67
  Dodge: Dodged            |    34 |    46 |    13 ||    93
  Block: Kite shield       |    30 |    39 |    23 ||    92
